Map: Fractured Glacier

Players

Player 3

  • Race: Protoss Protoss
  • Spawn Location: 12:00

Player 2

  • Race: Zerg Zerg
  • Spawn Location: 9:00

NamroodTuo - Winner!

  • Race: Terran Terran
  • Spawn Location: 3:00

VOD

Have the link to the VOD?

Description

Time

  • Played on: Jan. 22, 2023, 7:56 a.m.
  • Length: 24:20
Show
View Real Time Build Order
Export as new Build Order

Player 3 Protoss 

Build Orders:  

Get SALT Encoding   

  1  0:00  Probe  
  12  0:03  Unknown  
  13  0:08  Probe  
  14  0:19  Probe  
  14  0:20  Pylon  
  15  0:36  Probe  
  16  0:46  Probe  
  16  0:47  Assimilator  
  17  0:51  Gateway  
  17  0:56  Probe  
  17  0:59  Pylon  
  18  1:06  Probe  
  19  1:19  Probe  
  20  1:30  Warp Gate  
  20  1:33  Zealot  
  22  1:41  Cybernetics Core  
  22  1:45  Gateway  
  22  1:48  Assimilator  
  22  2:03  Pylon  
  22  2:13  Adept  
  24  2:29  Zealot  
  26  2:45  Pylon  
  30  3:23  Probe, Adept  
  33  3:32  Pylon  
  33  3:35  Adept  
  33  3:36  Probe  
  36  3:48  Probe, Stalker  
  39  3:56  Forge  
  39  4:00  Probe  
  39  4:01  Adept  
  42  4:12  Probe  
  42  4:14  Adept  
  44  4:24  Probe  
  45  4:36  Probe  
  46  6:09  Protoss Ground Weapons Level 1  
  46  6:14  Stalker  
  46  6:17  Gateway  
  48  6:19  Pylon  
  48  6:20  Photon Cannon  
  48  6:22  Photon Cannon  
  48  6:24  Stalker  
  48  6:25  Nexus, Robotics Facility  
  50  6:28  Forge  
  50  6:29  Unknown  
  50  6:32  Blink  
  50  6:36  Sentry  
  52  6:42  Pylon  
  52  6:46  Stalker  
  54  6:48  Protoss Ground Armor Level 1  
  54  6:50  Stargate  
  54  6:57  Stalker  
  56  7:04  Pylon  
  56  7:07  Stalker  
  58  7:12  Twilight Council  
  58  7:13  Observer  
  59  7:17  Sentry  
  61  7:28  Stalker  
  63  7:34  Observer  
  64  7:37  Probe  
  64  7:38  Probe  
  66  7:49  Pylon  
  66  7:50  Probe, Assimilator  
  67  7:51  Probe  
  67  7:52  Pylon  
  67  7:54  Assimilator  
  68  8:02  Probe  
  68  8:03  Probe  
  70  8:13  Photon Cannon  
  70  8:14  Probe  
  70  8:16  Probe, Photon Cannon  
  72  8:26  Probe  
  73  8:28  Probe  
  74  8:38  Probe  
  74  8:40  Probe  
  76  8:50  Probe  
  76  8:52  Probe  
  78  9:02  Probe  
  78  9:04  Probe  
  80  9:15  Probe  
  80  9:16  Probe  
  82  9:27  Probe  
  83  10:26  Zealot  
  85  10:30  Void Ray  
  85  10:33  Zealot  
  85  10:34  Immortal  
  89  10:39  Pylon  
  89  10:41  Zealot, Gateway  
  92  10:56  Stalker  
  74  11:03  Pylon  
  51  11:09  Void Ray  
  51  11:10  Immortal  
  47  11:17  Zealot  
  47  11:21  Zealot  
  47  11:25  Zealot  
  35  11:35  Zealot  
  27  11:45  Stalker  
  23  11:47  Warp Prism  
  21  11:54  Stalker  
  19  12:03  Stalker  
  19  12:04  Probe  
  19  12:07  Zealot  
  20  12:16  Probe, Void Ray  
  20  12:20  Sentry  
  20  12:23  Observer  
  20  12:24  Zealot  
  20  12:28  Probe, Zealot  
  17  12:40  Probe  
  10  12:49  Stalker  
  10  12:52  Probe  
  10  13:04  Probe  
  5  13:17  Probe  
  5  13:29  Probe  
  5  13:41  Probe  
  5  13:42  Stalker  
  7  13:53  Probe  
  4  14:05  Probe  
  4  14:09  Pylon  
  4  14:17  Probe  
  5  14:29  Probe  
  4  14:39  Probe  
  4  14:40  Pylon  
Show
View Real Time Build Order
Export as new Build Order

Player 2 Zerg 

Build Orders: 1 Base Baneling Bust, Pool First 

Get SALT Encoding   

  12  0:00  Drone  
  12  0:03  Unknown  
  13  0:12  Overlord  
  13  0:17  Drone  
  14  0:30  Drone  
  14  0:32  Drone  
  16  0:42  Spawning Pool  
  15  0:45  Drone  
  15  0:49  Drone  
  17  0:52  Extractor  
  17  0:54  Drone  
  17  1:04  Overlord  
  17  1:15  Zergling x2  
  18  1:21  Queen  
  18  1:28  Zergling x2  
  19  1:36  Drone, Roach Warren  
  19  1:38  Extractor  
  20  1:47  Drone  
  21  1:58  Drone  
  22  2:08  Roach  
  24  2:19  Drone  
  25  2:30  Roach, Overlord  
  25  2:32  Drone  
  28  2:42  Roach  
  30  2:46  Baneling Nest  
  30  2:47  Drone  
  30  2:48  Overlord  
  30  2:54  Roach  
  32  2:59  Drone  
  32  3:01  Drone  
  32  3:05  Drone  
  35  3:06  Roach  
  35  3:09  Drone  
  38  3:13  Drone  
  39  3:23  Drone, Evolution Chamber  
  39  3:28  Drone  
  39  3:30  Overlord  
  40  5:42  Lair  
  40  5:56  Zerg Melee Weapons Level 1  
  40  5:57  Roach, Overlord  
  42  6:00  Evolution Chamber  
  42  6:02  Spore Crawler  
  42  6:03  Spore Crawler  
  42  6:04  Drone  
  40  6:05  Roach  
  40  6:07  Hatchery, Drone  
  40  6:10  Unknown  
  42  6:14  Roach  
  42  6:15  Drone, Overlord  
  45  6:23  Roach  
  45  6:25  Queen  
  47  6:27  Spine Crawler  
  47  6:28  Drone  
  47  6:29  Drone, Spine Crawler, Zerg Ground Armor Level 1  
  47  6:31  Roach  
  51  6:40  Overseer  
  51  6:41  Spire  
  51  6:43  Hydralisk Den  
  51  6:44  Drone  
  50  6:50  Drone  
  50  6:52  Drone  
  50  6:53  Drone, Infestation Pit  
  52  6:55  Drone  
  53  7:01  Extractor  
  53  7:04  Drone, Spore Crawler  
  53  7:07  Spore Crawler  
  53  7:08  Drone  
  52  7:09  Hydralisk  
  52  7:11  Drone  
  52  7:14  Drone  
  56  7:17  Drone  
  56  7:18  Hydralisk  
  56  7:19  Drone  
  56  7:21  Overseer  
  56  7:22  Drone  
  61  7:23  Drone  
  61  7:25  Drone  
  61  7:26  Drone  
  61  7:27  Hydralisk  
  61  7:28  Drone  
  67  7:31  Drone  
  67  7:36  Overlord  
  68  7:39  Drone  
  68  7:42  Drone  
  70  7:44  Drone  
  70  7:47  Drone  
  70  7:49  Drone  
  70  7:51  Zerg Missile Weapons Level 1, Drone  
  73  7:54  Drone  
  73  7:57  Overlord  
  75  7:59  Drone  
  75  8:01  Drone  
  77  8:06  Muscular Augments  
  77  8:07  Hydralisk  
  77  8:10  Queen  
  79  8:14  Spine Crawler  
  79  8:15  Drone  
  79  8:19  Spine Crawler  
  78  8:20  Drone  
  81  9:05  Extractor  
  80  9:27  Drone  
  81  9:50  Hive  
  81  10:18  Pneumatized Carapace  
  81  10:19  Overlord x2, Overseer, Zerg Melee Weapons Level 2  
  81  10:22  Zerg Ground Armor Level 2  
  81  10:30  Hatchery  
  81  10:34  Unknown  
  81  10:35  Hydralisk  
  80  10:37  Overlord  
  82  10:44  Hydralisk  
  82  10:45  Glial Reconstitution  
  84  10:56  Overlord, Zerg Flyer Weapons Level 1  
  84  11:01  Queen  
  84  11:05  Ultralisk Cavern  
  83  11:15  Drone  
  83  11:17  Drone  
  83  11:18  Drone  
  88  11:19  Drone  
  88  11:21  Drone  
  88  11:22  Drone, Overlord  
  88  11:24  Drone  
  92  11:25  Extractor, Drone  
  92  11:27  Drone  
  92  11:28  Drone  
  92  11:29  Spore Crawler  
  92  11:30  Drone  
  92  11:31  Drone  
  92  11:32  Spore Crawler  
  94  11:33  Drone  
  94  11:34  Drone  
  94  11:36  Extractor, Drone  
  94  11:37  Drone  
  94  11:39  Drone  
  98  11:40  Drone  
  98  11:42  Drone, Overlord  
  98  11:43  Drone  
  98  11:44  Ultralisk  
  98  11:45  Drone  
  108  11:53  Ultralisk  
  114  11:56  Spine Crawler  
  114  11:57  Drone  
  114  11:59  Drone, Spine Crawler  
  114  12:03  Ultralisk  
  120  12:12  Ultralisk  
  126  12:35  Zerg Missile Weapons Level 2  
  126  12:50  Zerg Flyer Armor Level 1  
  126  13:40  Chitinous Plating  
  126  14:15  Overlord, Ultralisk  
  126  14:16  Tunneling Claws, Zerg Melee Weapons Level 3  
  132  14:22  Ultralisk  
  138  14:28  Infestor, Pathogen Glands  
  140  14:35  Overlord  
  140  14:44  Zerg Flyer Weapons Level 2  
  140  14:51  Zerg Ground Armor Level 3  
  140  15:18  Metabolic Boost  
  140  15:37  Queen  
  140  15:46  Overlord, Zergling x2, Adrenal Glands  
  140  15:49  Mutalisk  
  143  15:53  Zergling x2  
  143  15:56  Mutalisk  
  144  16:01  Zergling x2  
  144  16:04  Overlord, Mutalisk  
  147  16:06  Spore Crawler  
  147  16:08  Zergling x2  
  147  16:09  Extractor  
  147  16:10  Hatchery  
  147  16:11  Mutalisk  
  147  16:13  Unknown  
  147  16:15  Mutalisk  
  151  16:19  Mutalisk  
  151  16:24  Overlord  
  153  16:53  Zerg Missile Weapons Level 3  
  151  16:55  Drone  
  151  16:56  Drone  
  151  16:58  Drone  
  151  16:59  Drone, Zerg Flyer Armor Level 2  
  151  17:01  Drone  
  156  17:24  Queen  
  156  17:36  Drone  
  151  17:37  Drone  
  151  17:39  Drone  
  151  17:40  Hydralisk, Drone  
  151  17:42  Drone  
  151  17:43  Drone  
  143  17:45  Drone  
  143  17:46  Hydralisk, Drone  
  143  17:48  Drone  
  143  17:49  Drone  
  139  18:04  Spore Crawler  
  138  18:05  Drone  
  138  18:07  Unknown  
  138  18:08  Drone  
  138  18:09  Spore Crawler  
  138  18:10  Drone  
  138  18:11  Extractor  
  138  18:12  Drone  
  133  18:13  Drone  
  133  18:14  Extractor  
  133  18:15  Drone  
  133  18:16  Drone  
  133  18:18  Drone  
  133  18:19  Drone  
  128  18:20  Unknown  
  128  18:21  Drone  
  128  18:22  Drone  
  128  18:24  Drone  
  128  18:25  Drone  
  127  18:27  Drone, Greater Spire  
  127  18:28  Drone  
  127  18:30  Drone  
  127  18:31  Drone  
  127  18:33  Drone  
  130  18:34  Drone, Spine Crawler  
  130  18:36  Drone, Infestor  
  130  18:37  Drone, Spine Crawler  
  130  18:39  Drone  
  130  18:40  Drone  
  124  18:42  Drone  
  124  18:43  Drone  
  124  18:45  Drone  
  124  18:46  Drone  
  124  18:48  Drone  
  121  18:50  Drone  
  121  18:51  Drone  
  121  18:53  Drone  
  121  18:54  Drone  
  117  18:56  Drone, Corruptor  
  117  18:57  Drone  
  117  18:59  Drone  
  117  19:00  Drone  
  117  19:02  Drone  
  108  19:03  Corruptor  
  108  19:04  Drone  
  108  19:05  Drone  
  108  19:07  Drone  
  108  19:08  Drone  
  97  19:10  Drone  
  97  19:11  Corruptor  
  97  19:12  Unknown, Drone  
  97  19:13  Drone  
  97  19:15  Drone  
  97  19:16  Drone  
  87  19:18  Drone  
  87  19:19  Drone  
  87  19:21  Drone  
  87  19:22  Drone  
  87  19:23  Zergling x2  
  64  19:24  Drone  
  64  19:25  Drone  
  64  19:27  Drone  
  64  19:28  Drone  
  55  19:41  Zergling x2  
  55  19:45  Zergling x2  
  51  19:48  Roach  
  51  19:52  Zergling x2  
  49  19:53  Unknown, Brood Lord  
  49  19:59  Infestor  
  46  20:08  Drone  
  46  20:10  Drone  
  46  20:11  Drone  
  46  20:13  Drone  
  42  20:16  Zergling x2  
  42  20:20  Zergling x2  
  44  20:24  Zergling x2  
  44  20:27  Zergling x2  
  45  20:31  Queen  
  45  20:36  Zergling x2  
  45  20:40  Roach  
  45  20:43  Zergling x2  
  45  20:47  Roach  
  46  20:50  Mutalisk  
  46  20:53  Evolution Chamber  
  46  20:54  Drone, Zergling x2  
  49  20:58  Roach  
  49  21:02  Zergling x2  
  50  21:05  Roach  
  50  21:08  Mutalisk  
  52  21:13  Roach  
  52  21:16  Mutalisk  
  55  21:19  Evolution Chamber  
  55  21:20  Overseer  
  55  21:21  Zergling x2  
  50  21:27  Spawning Pool  
  50  21:28  Infestor  
  51  21:38  Unknown  
  46  21:46  Mutalisk  
  47  21:50  Zergling x2  
  47  21:54  Zergling x2  
  49  21:57  Drone, Mutalisk  
  49  21:59  Drone, Lair  
  49  22:00  Drone  
  58  22:11  Mutalisk  
  58  22:12  Overseer x2  
  58  22:15  Mutalisk  
  58  22:22  Corruptor  
  60  22:35  Hive  
  60  22:51  Overlord  
  60  22:56  Overseer  
  60  23:03  Spire  
  59  23:10  Overlord  
  59  23:30  Overlord  
  59  23:35  Queen, Mutalisk  
  57  23:42  Zergling x2  
  57  23:46  Zergling x2  
  45  23:50  Mutalisk  
  45  23:54  Mutalisk  
  39  24:01  Drone  
  31  24:06  Drone  
  22  24:14  Spire  
Show
View Real Time Build Order
Export as new Build Order

NamroodTuo Terran - Winner!

Build Orders:  

Get SALT Encoding   

  12  0:00  Unknown x2, SCV  
  12  0:03  Unknown  
  13  0:08  SCV  
  14  0:35  Factory  
  14  0:42  SCV  
  15  1:01  Supply Depot  
  15  1:11  Refinery  
  15  1:13  Refinery  
  15  1:19  SCV  
  16  1:29  SCV  
  17  1:37  Unknown  
  17  1:38  SCV  
  18  1:48  SCV  
  18  1:54  Supply Depot  
  19  1:56  Unknown  
  19  1:58  SCV  
  19  1:59  Supply Depot  
  20  2:07  SCV  
  20  2:14  Unknown  
  21  2:20  SCV  
  22  2:30  SCV  
  23  2:37  Unknown  
  23  2:39  SCV  
  24  2:49  SCV  
  24  2:57  Supply Depot  
  25  2:59  SCV  
  26  3:08  SCV  
  27  3:18  SCV  
  27  3:26  Armory  
  28  3:28  SCV  
  29  3:37  SCV  
  30  3:44  Unknown  
  30  3:47  SCV  
  31  3:57  SCV  
  31  3:58  Unknown  
  32  4:07  SCV  
  33  4:25  Unknown  
  33  4:31  Unknown  
  33  4:38  Unknown  
  33  4:55  Unknown  
  33  5:03  Unknown  
  33  5:11  Unknown  
  33  5:18  Unknown  
  33  5:26  Engineering Bay  
  33  5:34  Unknown  
  33  5:59  Unknown  
  33  6:10  Unknown  
  33  6:18  Unknown  
  33  6:31  Unknown  
  33  6:40  Unknown  
  33  6:52  Unknown  
  33  7:25  Unknown  
  33  7:30  Unknown  
  33  7:34  Unknown  
  33  7:37  Neosteel Armor  
  33  7:44  Unknown, Terran Vehicle and Ship Weapons Level 1  
  33  7:59  Command Center  
  33  8:02  Unknown  
  33  8:09  Unknown  
  33  8:20  Unknown  
  33  8:26  Unknown  
  33  8:34  Unknown  
  33  9:03  Hi-Sec Auto Tracking  
  33  9:06  Unknown  
  33  9:19  Unknown  
  33  9:31  Unknown  
  33  9:36  Unknown  
  33  9:39  Terran Vehicle And Ship Armor Level 1  
  33  10:00  Unknown  
  33  10:09  Unknown  
  33  10:17  Unknown  
  32  10:39  Unknown  
  32  10:41  Unknown  
  32  10:48  Unknown  
  32  10:59  Unknown  
  31  11:08  Unknown  
  31  11:16  Unknown  
  29  11:27  Unknown  
  26  11:39  SCV  
  27  11:49  SCV  
  28  11:59  Unknown x6, SCV  
  29  12:08  SCV  
  30  12:18  SCV  
  31  13:00  Unknown  
  31  13:03  SCV  
  31  13:11  Terran Vehicle and Ship Weapons Level 2  
  32  13:13  SCV  
  32  13:17  Unknown  
  33  13:23  SCV  
  34  13:31  Unknown  
  34  13:32  Unknown, SCV  
  35  13:42  SCV  
  36  14:11  Unknown  
  36  14:19  Unknown  
  36  14:26  Unknown  
  36  14:35  Unknown  
  36  14:47  Unknown  
  36  14:57  Unknown  
  36  15:16  SCV  
  37  15:26  SCV  
  37  15:27  Terran Vehicle And Ship Armor Level 2  
  38  15:36  SCV  
  39  15:45  SCV  
  39  15:47  Unknown  
  40  15:55  SCV  
  40  15:57  Unknown  
  41  16:06  Unknown  
  41  16:17  Unknown  
  40  16:25  Unknown  
  40  16:34  Unknown  
  40  16:52  Unknown  
  40  17:06  Unknown  
  36  17:48  Unknown  
  36  17:56  Unknown  
  36  18:21  Unknown  
  36  18:45  Terran Vehicle and Ship Weapons Level 3  
  34  19:10  Unknown  
  34  19:18  Unknown  
  34  19:26  Unknown  
  34  19:33  Unknown  
  34  19:40  Unknown  
  34  19:48  Unknown  
  34  20:01  Unknown  
  34  20:11  Unknown  
  34  20:19  Unknown  
  34  20:36  Unknown  
  32  20:49  Unknown  
  32  20:58  Unknown  
  32  21:12  Unknown  
  32  21:22  Terran Vehicle And Ship Armor Level 3  
  32  21:40  Unknown  
  32  21:52  Unknown  
  32  22:01  Unknown  
  32  22:11  Unknown  
  31  22:25  Unknown  
  31  22:34  Unknown  
  31  22:46  Unknown  
  31  23:32  Unknown  
  26  23:42  Unknown x6  
  24  23:49  Unknown  
  24  24:00  Unknown  
  24  24:14  Unknown  
Tags
 
Add a new tag
Caveats
  • Supply blocks, unpowered buildings, or Contaminate may cause inaccurate times.
  • Supply counts are checked every 10 seconds.